 Dungeon Crawl Stone Soup version 0.31-a0-1172-g9944ec47dd (webtiles) character file.

Game seed: 2603576347522264333

114 backslashecho the Changeling (level 5, -1/40 HPs)
             Began as a Meteoran Shapeshifter on Dec 11, 2023.
             Slain by Grinder (5 damage)
             ... while paralysed by Grinder
             ... on level 3 of the Dungeon.
             The game lasted 00:04:20 (684 turns).

backslashecho the Changeling (Meteoran Shapeshifter) Turns: 684, Time: 00:04:21

Health: -1/40      AC:  2    Str: 16    XL:     5   Next: 42%
Magic:  6/6        EV:  2    Int: 11    God:
Gold:   62         SH:  0    Dex: 15    Spells: 4/4 levels left

rFire   . .          .
                       - Unarmed
rCold   + . .        (no shield)
rNeg    . . .        a - +0 animal skin
rPois   .            (helmet currently unavailable)
rElec   .            (cloak currently unavailable)
rCorr   .            (gloves currently unavailable)
SInv    .            (boots currently unavailable)
Will    .....        (no amulet)
Stlth   +            b - ring of protection from cold
HPRegen 0.26/turn    (no ring)
MPRegen 0.10/turn

%: no passive effects
@: paralysed, beast-form, glowing
A: beast (slay +3), sense surroundings 1, otherworldly, glowing, explore regen
a: Begin Untransformation


You were on level 3 of the Dungeon.
You were a hulking beast.
You visited 1 branch of the dungeon, and saw 3 of its levels.

You collected 62 gold pieces.

Inventory:

Armour
 a - a +0 animal skin (worn)
Jewellery
 b - a ring of protection from cold (left hand)
Talismans
 c - a beast talisman
 d - a flux talisman
 e - a serpent talisman
Scrolls
 f - 4 scrolls of identify {unknown}
 h - 3 scrolls of teleportation {unknown}
 j - a scroll of vulnerability {unknown}
 k - a scroll of immolation {unknown}
Potions
 g - a potion of enlightenment {unknown}
 i - a potion of resistance {unknown}
 l - a potion of berserk rage {unknown}


   Skills:
 - Level 1.1 Fighting
 - Level 2.1 Dodging
 + Level 4.8 Unarmed Combat
 * Level 5.5 Shapeshifting


You had 4 spell levels left.
You didn't know any spells.
Your spell library was empty.

Dungeon Overview and Level Annotations

Branches:
Dungeon (3/15) Zot: 1118

Altars:
Nemelex Xobeh

Annotations:
D:3 Grinder


Innate Abilities, Weirdness & Mutations

You are a hulking beast.
Your limbs bulge with bestial killing power. (Slay +3)
You passively map a small area around you.
You are easily found by Zot.
You glow in the dark.
You regain HP and MP as you explore.


Message History

You barely miss the quokka. The quokka closely misses you.
You punch the quokka!
You kill the quokka!
No target in view!
Found a stone staircase leading down.
No target in view!
No target in view!
No target in view!
Grinder comes into view.
Grinder shouts!
You hear a loud squeak.
Grinder blinks!
Okay, then.
Unknown command.
A rat comes into view.
Grinder gestures at you.
You struggle to resist.
The rat moves out of view.
Grinder closely misses you.
You punch Grinder!
Grinder is lightly wounded.
Grinder hits you!
You take 9 damage, and have 31/40 hp.
MASSIVE DAMAGE!!
You hit Grinder.
Grinder is moderately wounded.
Grinder hits you but does no damage.
You punch Grinder! You punch Grinder.
Grinder is heavily wounded.
Grinder gestures at you. You resist with some effort.
You punch Grinder!
Grinder is severely wounded.
Grinder gestures at you. Pain shoots through your body!
You take 7 damage, and have 25/40 hp.
You punch Grinder!
Grinder is almost dead.
Grinder closely misses you. The rat misses you.
You closely miss Grinder.
Grinder is almost dead.
Grinder gestures at you.
You suddenly lose the ability to move!
The rat bites you. Grinder hits you.
You writhe in agony.
The rat barely misses you. Grinder hits you!
* * * LOW HITPOINT WARNING * * *
You writhe in agony.
* * * LOW HITPOINT WARNING * * *
The rat bites you but does no damage. Grinder hits you but does no damage.
The rat bites you but does no damage. Grinder hits you.
You die...
Grinder sighs, "Dead already?
I want a refund."

* *,,, ## ,...
* .... ,, *
,..... ,
####......
###.h5...... ,
#>...r...... ,
* #...##......
####.#.#,..####
* #....#.#.###
#.#..#...# #
#....#.*##
#.##.###.... ,
#........# * ,
,


You could see Grinder and a rat.

Vanquished Creatures
  A scorpion (D:3)
  Terence (D:3)
  A worm (D:2)
  A dart slug (D:2)
  3 endoplasms (D:1)
  4 goblins
  A hobgoblin (D:1)
  3 quokkas
  5 ball pythons
  6 frilled lizards
  2 rats (D:1)
28 creatures vanquished.

Notes
Turn   | Place    | Note
-------+----------+-------------------------------------------
     0 | D:1      | backslashecho the Meteoran Shapeshifter began the quest for
                  | the Orb.
     0 | D:1      | Reached XP level 1. HP: 16/16 MP: 2/2
    82 | D:1      | Reached XP level 2. HP: 23/23 MP: 3/3
    86 | D:1      | Reached skill level 4 in Shapeshifting
   282 | D:1      | Reached XP level 3. HP: 23/28 MP: 4/4
   409 | D:2      | Found a sparkling altar of Nemelex Xobeh.
   571 | D:3      | Noticed Terence
   571 | D:3      | Noticed a scorpion
   582 | D:3      | Killed a scorpion
   583 | D:3      | Reached skill level 5 in Shapeshifting
   583 | D:3      | Reached XP level 4. HP: 35/35 MP: 5/5
   583 | D:3      | Reached XP level 5. HP: 40/40 MP: 6/6
   584 | D:3      | Killed Terence
   670 | D:3      | Noticed Grinder
   680 | D:3      | Paralysed by Grinder for 4 turns
   684 | D:3      | Slain by Grinder

Illustrated notes

Levels and vault maps discovered:
D:1:      eino_arrival_cavern_b, layout_rooms,
          hellmonk_ecumenical_altar_crossroads
D:2:      layout_rooms, basic_altar, grunt_ministairs_15, st_stairs_2,
          roderic_serpentine_path
D:3:      layout_basic, serial_shops, nicolae_shop_tiny_waterfront,
          minmay_three_crescents, uniq_grinder, uniq_terence

Skill      XL: |  1  2  3 |
---------------+----------+-----
Shapeshifting  | 4 5 |  5.5
Unarmed Combat | 4 |  4.8
Fighting       | |  1.1
Dodging        | |  2.1

Action                     |  1- 3 |  4- 6 || total
---------------------------+-------+-------++-------
  Melee: Unarmed           |    57 |    10 ||    67
         Punch             |     1 |     1 ||     2
    Use: Potion            |     1 |       ||     1
 Armour: Animal skin       |    16 |    10 ||    26
         Skin              |     4 |     1 ||     5
  Dodge: Dodged            |    26 |     5 ||    31

Table legend: (Time is in decaauts)
 A = Elapsed time spent in this place.
 B = Non-inter-level travel time spent in this place.
 C = Inter-level travel time spent in this place.
 D = Time resting spent in this place.
 E = Time spent auto-exploring this place.
 F = Levels seen in this place.
 G = Mean time per level.
                   A        B        C        D        E       F      G
               +--------+--------+--------+--------+--------+-----+--------+
         Total |    680 |    675 |      5 |     45 |    203 |   3 |  226.7 |
       Dungeon |    680 |    675 |      5 |     45 |    203 |   3 |  226.7 |
               +--------+--------+--------+--------+--------+-----+--------+

Top non-repeatable levels by time:
     D:1: 295 daAuts
     D:3: 230 daAuts
     D:2: 154 daAuts
